 Dungeon Sprint DCSS version 0.19-a0-1920-g83281cb (webtiles) character file.

9468 poirepourri the Stickfighter (level 11, -12/113 HPs)
             Began as a Minotaur Gladiator on Oct 23, 2016.
             Was a High Priest of Makhleb.
             Killed from afar by a ynoxinul (23 damage)
             ... with an iron shot
             ... summoned by the player character
             ... in the Dungeon (Sprint III: "The Ten Rune Challenge").
             The game lasted 00:06:03 (2014 turns).

poirepourri the Stickfighter (Minotaur Gladiator)   Turns: 2014, Time: 00:06:03

Health: -12/113    AC:  6    Str: 20    XL:     11   Next: 23%
Magic:  10/10      EV: 21    Int:  5    God:    Makhleb [*****.]
Gold:   2420       SH:  0    Dex: 14    Spells: 3 memorised, 3 levels left

rFire  . . .     SeeInvis .     g - +4 quarterstaff (chaos)
rCold  . . .     Gourm    .     o - +0 troll leather armour
rNeg   . . .     Faith    .     (shield currently unavailable)
rPois  .         Spirit   .     c - +0 hat
rElec  .         Reflect  .     j - +0 cloak
rCorr  .         Harm     .     (no gloves)
MR     .....     NoTele   +     (no boots)
Stlth  +.........               (no amulet)
                                (no ring)
                                (no ring)

@: lethally poisoned (-12 -> -12), very slightly contaminated
A: retaliatory headbutt, horns 2
a: Minor Destruction, Lesser Servant of Makhleb, Major Destruction, Greater
Servant of Makhleb, Renounce Religion


You were in the Dungeon.
You worshipped Makhleb.
Makhleb was extremely pleased with you.
You were not hungry.

You visited 1 branch You collected 2420 gold pieces.

Inventory:

Hand Weapons
 a - a +0 quarterstaff
 g - a +4 quarterstaff of chaos (weapon)
Missiles
 d - 2 throwing nets
 l - 30 stones (quivered)
Armour
 c - a +0 hat (worn)
 j - a +0 cloak (worn)
 o - a +0 troll leather armour (worn)
Wands
 n - a wand of digging (12/24)
Scrolls
 p - 3 scrolls of remove curse
Potions
 i - 2 potions of magic
 m - 2 potions of mutation
 q - a potion of might
 r - 4 potions of flight
 v - 2 potions of cure mutation
Books
 h - a book of Misfortune

   Spells                             Type                      Level
   a - Confusing Touch                Hexes                        1
   b - Confuse                        Hexes                        3
   c - Gell's Gravitas                Hexes/Translocation          3
   d - Petrify                        Transmutation/Earth          4
   e - Metabolic Englaciation         Hexes/Ice                    5
   f - Yara's Violent Unravelling     Hexes/Transmutation          5
Comestibles
 f - 2 bread rations


   Skills:
 + Level 15.4 Fighting
 + Level 20.0 Staves
 + Level 8.6 Throwing
 - Level 8.7 Armour
 + Level 13.7 Dodging
 + Level 0.4 Invocations


You had 3 spell levels left.
You knew the following spells:

 Your Spells              Type           Power        Failure   Level  Hunger
a - Confusing Touch       Hex            #.....       65%         1    ##.....
b - Confuse               Hex            #.......     99%         3    ####...
c - Gell's Gravitas       Hex/Tloc       #.........   99%         3    ####...


Dungeon Overview and Level Annotations

Branches:
Dungeon (1/1)

Altars:
Cheibriados
Dithmenos
Elyvilon
Fedhas
Gozag
Hepliaklqana
Kikubaaqudgha
Makhleb
Nemelex Xobeh
Okawaru
Qazlal
Ru
Sif Muna
Trog
Uskayaw
Vehumet
Xom
Yredelemnul
Zin
The Shining One
Beogh
Jiyva
Lugonu

Shops:
D (


Innate Abilities, Weirdness & Mutations

You reflexively headbutt those who attack you in melee.
You have a pair of horns on your head.


Message History

Unknown command.
A demon appears!
It doesn't seem very happy.
You feel sick.
The killer bee burns!
The killer bee dies!
Makhleb accepts your kill.
The killer bee stings your hellwing but does no damage.
Your smoke demon hits the killer bee.
Your smoke demon barely misses the killer bee.
Your smoke demon misses the killer bee.
The killer bee closely misses your hellwing.
Something stings your hellwing but does no damage.
Your hellwing hits the killer bee. Your hellwing hits the killer bee!
The killer bee dies!
Makhleb accepts your kill. Something stings your hellwing.
Something stings your hellwing but does no damage.
The ynoxinul gestures at you. The iron shot hits you!
You die...

♣.#___#__[#__##.#.∩.##..+
♣.#)..#__.#)_#.........#
♣♣♣.###'#)###'##........##
.♣♣.#...†......#...)....#
.♣♣.'.⌠........#.#.[...#.#
≈...#...######'#3.#.#....#
....#.⌠.#__#...#)################
....#...#__#[..#..344§.#3(3..†(#.
....#)###__#.))#@#§§{#.#.#.).##.#
....#)..#__#...)[#§§§#.#.#)).#.#.
....#___#__'...#.#..§#.3.#...##.#
▓▓▓▓▓▓▓▓▓▓▓▓▓▓▓▓▓▓▓▓▓▓▓▓▓▓▓▓▓#.#.
♣≈≈≈........≈≈≈.).##.#
+♣≈≈≈≈≈≈≈≈≈≈≈≈♣♣P.'.#.
♣♣♣♣♣♣♣♣♣♣♣♣♣♣♣PP##(# ♣♣♣##'#
#.))


You could see a ynoxinul, 2 friendly hellwings and a friendly smoke demon.

Vanquished Creatures
  Sigmund (D)
  Snorg (D)
  A centaur warrior (D)
  An unseen horror (D)
  An orc sorcerer (D)
  A deep elf mage (D)
  An orc knight (D)
  Edmund (D)
  2 orc high priests (D)
  A shadow (D)
  A spatial vortex (D)
  2 wandering mushrooms (D)
  An orc warrior (D)
  A necrophage (D)
  2 centaurs (D)
  An earth elemental (D)
  A water elemental (D)
  5 killer bees (D)
  A jelly (D)
  Crazy Yiuf (D)
  4 orc priests (D)
  A wizard (D)
  A necromancer (D)
  4 humans (D)
  A kobold demonologist (D)
  An ooze (D)
  8 orcs (D)
  3 rats (D)
50 creatures vanquished.

Vanquished Creatures (collateral kills)
  2 killer bees (D)
  2 orcs (D)
4 creatures vanquished.

Vanquished Creatures (others)
  2 draconian scorchers (D)
  A yaktaur (D)
  6 hellions (D)
  An orc high priest (D)
  A wandering mushroom (D)
  14 plants (D)
25 creatures vanquished.

Grand Total: 79 creatures vanquished

Notes
Turn   | Place    | Note
-------+----------+-------------------------------------------
     0 | D        | poirepourri the Minotaur Gladiator began the quest for the Orb.
     0 | D        | Reached XP level 1. HP: 18/18 MP: 0/0
     4 | D        | Reached skill level 4 in Staves
    64 | D        | Reached skill level 5 in Staves
    64 | D        | Reached skill level 5 in Dodging
    64 | D        | Reached XP level 2. HP: 20/26 MP: 1/1
    99 | D        | Killed a yaktaur
   106 | D        | Noticed Crazy Yiuf
   122 | D        | Killed Crazy Yiuf
   122 | D        | Reached skill level 6 in Staves
   122 | D        | Reached XP level 3. HP: 17/31 MP: 2/2
   122 | D        | Killed a hellion
   124 | D        | Killed a hellion
   125 | D        | Killed a hellion
   126 | D        | Killed a hellion
   136 | D        | Killed a white draconian scorcher
   154 | D        | Killed a hellion
   231 | D        | Killed a hellion
   233 | D        | Killed a white draconian scorcher
   457 | D        | Noticed a water elemental
   469 | D        | Killed a water elemental
   469 | D        | Reached skill level 7 in Staves
   469 | D        | Reached XP level 4. HP: 25/40 MP: 3/3
   607 | D        | Found a radiant altar of Vehumet.
   607 | D        | Found a deep blue altar of Sif Muna.
   607 | D        | Found an ancient bone altar of Kikubaaqudgha.
   607 | D        | Noticed a wizard
   610 | D        | Noticed a chaos spawn
   610 | D        | Killed a wizard
   610 | D        | Reached skill level 8 in Staves
   610 | D        | Reached XP level 5. HP: 47/47 MP: 4/4
   747 | D        | Found a glowing silver altar of Zin.
   747 | D        | Found a glowing golden altar of the Shining One.
   747 | D        | Found a white marble altar of Elyvilon.
   748 | D        | Noticed a deep elf mage
   755 | D        | Killed a deep elf mage
   755 | D        | Reached skill level 11 in Staves
   755 | D        | Reached skill level 5 in Armour
   755 | D        | Reached XP level 6. HP: 57/58 MP: 5/5
   755 | D        | Reached XP level 7. HP: 63/64 MP: 6/6
   760 | D        | Found a hide-covered altar of Uskayaw.
   760 | D        | Found a roughly hewn altar of Beogh.
   760 | D        | Found an iron altar of Okawaru.
   760 | D        | Found a bloodstained altar of Trog.
   760 | D        | Noticed a human
   762 | D        | Noticed a human
   767 | D        | Killed a human
   767 | D        | Reached skill level 12 in Staves
   771 | D        | Killed a human
   780 | D        | Killed a human
   780 | D        | Reached skill level 13 in Staves
   780 | D        | Reached XP level 8. HP: 54/74 MP: 7/7
   871 | D        | Learned a level 1 spell: Confusing Touch
   875 | D        | Learned a level 3 spell: Confuse
   879 | D        | Learned a level 3 spell: Gell's Gravitas
   879 | D        | Found a basalt altar of Yredelemnul.
   879 | D        | Found a shadowy altar of Dithmenos.
   879 | D        | Found a sacrificial altar of Ru.
   882 | D        | Reached skill level 10 in Dodging
   952 | D        | Found a blossoming altar of Fedhas.
   952 | D        | Found a stormy altar of Qazlal.
   952 | D        | Found a snail-covered altar of Cheibriados.
   952 | D        | Found a burning altar of Makhleb.
   952 | D        | Found a shimmering altar of Xom.
   953 | D        | Found a hazy altar of Hepliaklqana.
   953 | D        | Found an opulent altar of Gozag.
   953 | D        | Found a sparkling altar of Nemelex Xobeh.
   953 | D        | Found a corrupted altar of Lugonu.
   953 | D        | Found a viscous altar of Jiyva.
   962 | D        | Reached skill level 14 in Staves
   967 | D        | Became a worshipper of Makhleb the Destroyer
   980 | D        | Noticed Snorg
   991 | D        | Killed Snorg
   991 | D        | Reached skill level 15 in Staves
   991 | D        | Reached XP level 9. HP: 39/85 MP: 8/8
  1157 | D        | Reached skill level 10 in Fighting
  1242 | D        | Noticed a centaur warrior
  1251 | D        | Killed a centaur warrior
  1251 | D        | Reached * piety under Makhleb
  1251 | D        | Reached skill level 16 in Staves
  1337 | D        | Killed an unseen horror
  1337 | D        | Reached ** piety under Makhleb
  1337 | D        | Reached skill level 17 in Staves
  1416 | D        | Noticed Sigmund
  1416 | D        | Noticed Edmund
  1425 | D        | Killed Sigmund
  1425 | D        | Reached skill level 19 in Staves
  1425 | D        | Reached XP level 10. HP: 64/103 MP: 9/9
  1438 | D        | Killed Edmund
  1515 | D        | Noticed a yaktaur captain
  1589 | D        | Noticed a rust devil
  1686 | D        | Reached *** piety under Makhleb
  1829 | D        | Found Goc Egg's Antique Weapon Shoppe.
  1829 | D        | Noticed an orc sorcerer
  1829 | D        | Noticed an orc high priest
  1829 | D        | Noticed an orc knight
  1843 | D        | Killed an orc knight
  1843 | D        | Reached XP level 11. HP: 111/111 MP: 10/10
  1849 | D        | Killed an orc sorcerer
  1855 | D        | Killed an orc high priest
  1855 | D        | Reached **** piety under Makhleb
  1855 | D        | Reached skill level 15 in Fighting
  1868 | D        | Reached ***** piety under Makhleb
  1996 | D        | Reached ****** piety under Makhleb
  1996 | D        | Reached skill level 20 in Staves
  2014 | D        | Killed from afar by a ynoxinul

Vault maps used:
D:        dungeon_sprint_mu

Skill      XL: |  1  2  3  4  5  6  7  8  9 10 11 |
---------------+----------------------------------+-----
Staves         | 5 6 7 8 11 13 15 19 20 | 20.0
Dodging        | 5 6 9 10 12 13 | 13.7
Fighting       | 3 4 6 7 9 14 15 | 15.4
Throwing       | 3 4 6 7 8 |  8.6
Armour         | 2 5 6 8 |  8.7
Invocations    | |  0.4

Action                   |  1- 3 |  4- 6 |  7- 9 | 10-12 || total
-------------------------+-------+-------+-------+-------++-------
Melee: Quarterstaff      |    27 |    12 |    82 |   105 ||   226
       Headbutt          |     7 |     2 |    21 |    19 ||    49
Throw: Throwing net      |     4 |       |       |       ||     4
       Stone             |     1 |       |     2 |     1 ||     4
Invok: Lesser Servant of |       |       |       |     7 ||     7
  Use: Potion            |     3 |       |       |     1 ||     4
       Scroll            |     4 |       |       |     1 ||     5
 Stab: Petrifying        |       |       |     1 |     3 ||     4
  Eat: Royal jelly       |       |       |     2 |       ||     2
Armor: Leather armour    |     4 |     3 |       |       ||     7
       Troll leather arm |       |       |    12 |     9 ||    21
Dodge: Dodged            |    13 |     6 |    55 |    73 ||   147
